 Dungeon Crawl Stone Soup version 0.16-a0-3807-g3748f16 (console) character file.

4516 vogonpoet the Geomancer (level 9, -13/63 HPs)
             Began as a Demigod Earth Elementalist on Jan 27, 2015.
             Splashed by an oklob sapling's acid (15 damage)
             ... on level 8 of the Dungeon.
             The game lasted 00:27:49 (8603 turns).

vogonpoet the Geomancer (DgEE)                      Turns: 8603, Time: 00:27:49

Health: -13/63     AC:  8    Str: 11    XL:     9   Next: 96%
Magic:  7/24       EV: 17    Int: 25    God:
Gold:   340        SH:  0    Dex: 16    Spells: 4 memorised, 7 levels left

rFire  . . .     SeeInvis .     O - +1 whip (elec)
rCold  . . .     Clarity  .     g - +2 robe {MR+}
rNeg   . . .     SustAb   +     (no shield)
rPois  .         Gourm    .     i - +2 helmet
rElec  .         Spirit   .     (no cloak)
rCorr  .         Warding  .     (no gloves)
rMut   .         Stasis   .     (no boots)
MR     +....                    (no amulet)
Stlth  ++........               (no ring)
                                c - +1 ring of protection

@: somewhat resistant to hostile enchantments, unstealthy
A: sustain abilities
a: no special abilities


You were on level 8 of the Dungeon.
You were very hungry.

You visited 1 branch of the dungeon, and saw 8 of its levels.

You collected 340 gold pieces.

Inventory:

Hand weapons
 a - a +0 hunting sling
 o - a +0 halberd
 p - a +3 flail
 A - a +2 dagger of holy wrath
 M - a +0 vampiric dagger
 O - a +1 whip of electrocution (weapon)
Missiles
 b - 109 stones
 l - 3 needles of frenzy
 r - 49 sling bullets
 u - 5 javelins (quivered)
 D - 12 poisoned needles
Armour
 g - a +2 robe of magic resistance (worn)
 i - a +2 helmet (worn)
Jewellery
 c - a +1 ring of protection (left hand)
Magical devices
 F - a wand of cold (12)
Scrolls
 k - 8 scrolls of remove curse
 q - 3 scrolls of teleportation
 w - 2 scrolls of immolation
Potions
 e - a potion of restore abilities {unknown}
 f - a potion of might
 h - 6 potions of curing
 j - a potion of cancellation
 m - a potion of mutation {unknown}
 n - a potion of ambrosia {unknown}
 s - 2 potions of brilliance
 B - a potion of magic {unknown}
 C - a potion of berserk rage
 G - 2 potions of invisibility
 H - a potion of lignification
Books
 d - a book of Geomancy

   Spells                             Type                      Level
   a - Sandblast                      Earth                        1
   b - Stoneskin                      Transmutation/Earth          2
   c - Passwall                       Transmutation/Earth          3
   d - Stone Arrow                    Conjuration/Earth            3
   e - Petrify                        Transmutation/Earth          4
   f - Lee's Rapid Deconstruction     Earth                        5
Comestibles
 t - 3 bread rations
 v - 7 fruits
 z - a royal jelly
 E - 2 beef jerkies
 J - 5 meat rations


   Skills:
 + Level 0.8 Fighting
 + Level 7.8 Dodging
 - Level 1.7 Stealth
 - Level 5.4 Spellcasting
 - Level 0.8 Transmutations
 - Level 10.1 Earth Magic


You had 7 spell levels left.
You knew the following spells:

 Your Spells              Type           Power        Failure   Level  Hunger
a - Sandblast             Erth           ######       1%          1    None
b - Stoneskin             Trmt/Erth      ####....     1%          2    None
c - Stone Arrow           Conj/Erth      ####..       3%          3    #......
d - Lee's Rapid Deconstr  Erth           ######....   3%          5    #####..


Dungeon Overview and Level Annotations

Branches:
Dungeon (8/15)             Temple (0/1) D:4            Lair (0/8) D:8

Annotations:
D:8 exclusion: 2 oklob saplings


Innate Abilities, Weirdness & Mutations

Your attributes are resistant to harm.


Message History

The wandering mushroom is almost destroyed.
Casting: Stone Arrow
Confirm with . or Enter, or press ? or * to list all spells.
Aiming: Stone Arrow
Press: ? - help, Shift-Dir - straight line, f/p - wandering mushroom
Aim: a wandering mushroom (almost destroyed)
The stone arrow hits the wandering mushroom.
You destroy the wandering mushroom!
Really walk into a travel-excluded area?
You see here 2 fruits.
You hit the oklob sapling but do no damage.
You hit the oklob sapling but do no damage.
The oklob sapling spits acid at you. The splash of acid hits you!
The acid burns!
* * * LOW HITPOINT WARNING * * *
The oklob sapling spits acid at you. The splash of acid hits you!
* * * LOW HITPOINT WARNING * * *
The acid burns!
You die...

#.. #.# #.# ##.###
..... ♣♣♣ #.#
♣♣♣♣♣♣♣.♣♣ ###.###
♣♣%.P♣♣.♣.♣ #.....#
♣%_@♣♣♣.♣.♣###.###.#
♣.%.♣♣♣.♣.♣....# #..
♣P♣..♣.♣♣.♣.##.# #)#
♣♣♣♣♣.♣.♣♣..##.....#
♣♣.♣♣♣♣#####.### ♣♣♣
#.# # #


You could see 2 oklob saplings.

Vanquished Creatures
  An unseen horror (D:8)
  The ghost of KINGBONG the Ruffian, an experienced TrHu (D:7)
  2 centaur skeletons
  A wyvern (D:7)
  A hungry ghost (D:4)
  4 wandering mushrooms (D:8)
  2 ice beasts
  2 sky beasts
  2 centaurs (D:6)
  An orc warrior (D:6)
  A necrophage (D:6)
  2 phantoms
  2 ogres
  Sigmund (D:2)
  Blork the orc (D:5)
  6 killer bees
  A scorpion (D:5)
  A goliath beetle (D:7)
  3 hounds
  3 jellies
  A giant frog skeleton (D:7)
  3 orc priests
  A gnoll shaman (D:8)
  2 iguanas
  5 orc wizards
  5 worker ants
  11 gnolls
  5 adders
  A shadow imp (D:7)
  A giant mite (D:3)
  A worm (D:2)
  An adder zombie (D:5)
  5 giant geckos
  4 oozes
  12 orcs
  8 giant cockroaches
  11 hobgoblins
  4 jackals (D:4)
  7 kobolds
  4 quokkas
  8 bats
  2 giant gecko zombies (D:5)
  7 giant newts
  12 goblins
  A jackal skeleton (D:5)
  12 rats
172 creatures vanquished.

Notes
Turn   | Place    | Note
--------------------------------------------------------------
     0 | D:1      | vogonpoet, the Demigod Earth Elementalist, began the quest for the Orb.
     0 | D:1      | Reached XP level 1. HP: 14/14 MP: 3/3
    84 | D:1      | Reached skill level 3 in Earth Magic
   454 | D:1      | Reached XP level 2. HP: 18/20 MP: 4/4
   590 | D:1      | Learned a level 2 spell: Stoneskin
  1370 | D:2      | Reached XP level 3. HP: 26/26 MP: 7/7
  1412 | D:2      | Reached skill level 4 in Earth Magic
  1624 | D:2      | Noticed Sigmund
  1637 | D:2      | Killed Sigmund
  1637 | D:2      | Reached skill level 5 in Earth Magic
  1637 | D:2      | Reached XP level 4. HP: 29/33 MP: 0/9
  2419 | D:3      | Reached XP level 5. HP: 38/38 MP: 10/10
  2787 | D:4      | Noticed an ogre
  3062 | D:4      | Reached skill level 6 in Earth Magic
  3073 | D:4      | Learned a level 3 spell: Stone Arrow
  3164 | D:4      | Noticed a hungry ghost
  3175 | D:4      | Killed a hungry ghost
  3175 | D:4      | Reached XP level 6. HP: 42/45 MP: 6/13
  3325 | D:4      | Reached skill level 7 in Earth Magic
  3420 | D:4      | Found a staircase to the Ecumenical Temple.
  3461 | D:4      | Found an opulent altar of Gozag.
  3827 | D:4      | Found an ancient bone altar of Kikubaaqudgha.
  3833 | D:4      | Found a bloodstained altar of Trog.
  3931 | D:4      | Killed an ogre
  4128 | D:5      | Entered Level 5 of the Dungeon
  4234 | D:5      | Found a basalt altar of Yredelemnul.
  4505 | D:5      | Reached XP level 7. HP: 46/50 MP: 11/15
  4546 | D:5      | Reached skill level 8 in Earth Magic
  4632 | D:5      | Noticed Blork the orc
  4650 | D:5      | Killed Blork the orc
  4860 | D:5      | Learned a level 5 spell: Lee's Rapid Deconstruction
  5053 | D:5      | Found an iron altar of Okawaru.
  5054 | D:5      | Found a shimmering altar of Xom.
  5643 | D:6      | Reached skill level 9 in Earth Magic
  5643 | D:6      | Reached XP level 8. HP: 41/57 MP: 3/20
  6585 | D:6      | Reached skill level 10 in Earth Magic
  6914 | D:7      | Got a brightly glowing leather armour
  6937 | D:6      | Identified the +3 leather armour of the Comet {+Inv rPois- MR+ Str+3 Int-3 Dex+4 Stlth+} (You found it on level 7 of the Dungeon)
  6954 | D:7      | Noticed KINGBONG's ghost (experienced TrHu)
  6978 | D:7      | Killed KINGBONG's ghost
  7145 | D:7      | Reached skill level 5 in Spellcasting
  7241 | D:7      | Reached XP level 9. HP: 47/62 MP: 18/24
  7407 | D:7      | Noticed a centaur skeleton
  7410 | D:7      | Killed a centaur skeleton
  7603 | D:7      | Found a sparkling altar of Nemelex Xobeh.
  7657 | D:7      | Found a snail-covered altar of Cheibriados.
  7666 | D:7      | Reached skill level 5 in Dodging
  8104 | D:8      | Killed an unseen horror
  8214 | D:8      | Found a staircase to the Lair.
  8517 | D:8      | Found a blossoming altar of Fedhas.
  8603 | D:8      | HP: 2/63 [oklob sapling/splash of acid (9)]
  8603 | D:8      | Splashed by an oklob sapling's acid

Action                   |  1- 3 |  4- 6 |  7- 9 || total
-------------------------+-------+-------+-------++-------
Melee: Dagger            |   121 |       |       ||   121
       Halberd           |       |       |    71 ||    71
       Whip              |       |       |    44 ||    44
 Fire: Hunting sling     |    29 |   134 |    10 ||   173
Throw: Javelin           |       |       |     7 ||     7
 Cast: Sandblast         |    16 |    33 |    64 ||   113
       Stoneskin         |     4 |     5 |    10 ||    19
       Stone Arrow       |       |     3 |    64 ||    67
       Lee's Rapid Decon |       |       |    13 ||    13
  Use: Scroll            |       |     5 |    13 ||    18
 Stab: Sleeping          |     2 |       |     4 ||     6
  Eat: Chunk             |     3 |    10 |    18 ||    31
       Fruit             |       |       |     1 ||     1
